AoeStats
← jantotu

Arabia

509606086Analyzed
1v1 RM · 5d ago on Sep 27, 2026· 45m 4s· 2 players
Game mode
Random Map
Map size
Tiny (2 player)
Population
200
Speed
Normal
Resources
Standard
Victory
Conquest
Starting age
Dark Age
Ending age
Imperial Age
RankedLock teamsTeams togetherTeam positionsShared explorationLock speedFull tech treeHidden civsTurbo modeCheats
Victory
Defeat
🇨🇭 Franks · Switzerland
1211
+15
🇬🇧 Varangians · United Kingdom
1183
-15
Do Not Flush
7:02 Loom
9:18 Feudal Age
9:59 Horse Collar
11:20 Man-at-Arms
13:30 Double-Bit Axe
19:32 Castle Age
17:57 Scale Mail Armor
19:13 Forging
20:53 Heavy Plow
21:09 Gold Mining
24:00 Bow Saw
24:40 Arson
25:18 Chain Mail Armor
27:03 Iron Casting
28:50 Wheelbarrow
33:58 Fletching
37:06 Hand Cart
38:05 Gambesons
38:21 Squires
38:45 Bodkin Arrow
44:36 Imperial Age
jantotu
7:09 Loom
10:10 Feudal Age
10:30 Man-at-Arms
13:52 Double-Bit Axe
17:54 Fletching
21:43 Castle Age
23:11 Scale Barding Armor
26:14 Forging
32:54 Wheelbarrow
33:03 Bow Saw
37:25 Imperial Age
36:35 Hand Cart
37:07 Iron Casting
37:24 Chain Barding Armor
37:33 Husbandry
37:30 Cavalier
40:20 Blast Furnace
39:23 Town Watch
41:18 Plate Barding Armor
40:46 Scale Mail Armor
41:43 Paladin
42:47 Elite Throwing Axeman
Connection lost

Rejoining the realm…

Still unreachable

The connection could not be restored.

Session expired

The server has moved on; the page needs a fresh start.